 Dungeon Crawl Stone Soup version 0.21-a0-625-g1119ec1 (webtiles) character file.

286 Charly the Chopper (level 6, -2/56 HPs)
             Began as a Minotaur Berserker on Dec 24, 2017.
             Was a Believer of Trog.
             Slain by an ogre
             ... wielding a +0 giant club
              (22 damage)
             ... on level 4 of the Dungeon.
             The game lasted 00:04:15 (384 turns).

Charly the Chopper (Minotaur Berserker)              Turns: 384, Time: 00:04:17

Health: -2/56      AC:  7    Str: 21    XL:     6   Next: 8%
Magic:  5/5        EV: 10    Int:  4    God:    Trog [**....]
Gold:   0          SH:  0    Dex: 12    Spells: 5/5 levels left

rFire    . . .     SeeInvis .   a - +0 hand axe
rCold    . . .     Gourm    .   (no shield)
rNeg     . . .     Faith    .   g - +0 scale mail
rPois    .         Spirit   .   (helmet restricted)
rElec    .         Reflect  .   (no cloak)
rCorr    +         Harm     .   (no gloves)
MR       .....                  o - +0 pair of boots
Stlth    ..........             n - amulet of rage
HPRegen  0.18/turn              k - ring of resist corrosion
MPRegen  0.09/turn              (no ring)

@: berserk cooldown, slowed, very slow
A: retaliatory headbutt, horns 2
a: Berserk, Trog's Hand, Burn Spellbooks, Renounce Religion, Evoke Berserk Rage


You were on level 4 of the Dungeon.
You worshipped Trog.
Trog was pleased with you.
You were hungry.

You visited 1 branch of the dungeon, and saw 4 of its levels.

Inventory:

Hand Weapons
 a - a +0 hand axe (weapon)
Armour
 g - a +0 scale mail (worn)
 o - a +0 pair of boots (worn)
Jewellery
 k - a ring of resist corrosion (left hand)
 n - an amulet of rage (around neck)
Wands
 m - a wand of flame (16)
Scrolls
 b - a scroll of enchant armour {unknown}
 d - 2 scrolls of magic mapping {unknown}
 h - a scroll of amnesia {unknown}
 j - 2 scrolls of identify {unknown}
 l - a scroll of noise {unknown}
Potions
 e - 2 potions of resistance {unknown}
 f - 2 potions of heal wounds {unknown}
 i - a potion of cancellation {unknown}
Comestibles
 c - 3 rations


   Skills:
 + Level 5.5 Fighting
 * Level 7.1 Axes
 - Level 2.4 Armour
 - Level 2.1 Dodging


You had 5 spell levels left.
You didn't know any spells.

Dungeon Overview and Level Annotations

Branches:
Dungeon (4/15)
 Temple: D:4-7

Altars:
Hepliaklqana
Nemelex Xobeh


Innate Abilities, Weirdness & Mutations

You reflexively headbutt those who attack you in melee.
You have a pair of horns on your head.


Message History

Evoke which item? (* to show all) (? for menu, Esc to quit)
Aiming: Throw Flame
Press: ? - help, Shift-Dir - straight line, f/p - ogre
Aim: an ogre, wielding a giant club (moderately wounded)
The puff of flame misses the ogre.
Evoke which item? (* to show all) (? for menu, Esc to quit)
Aiming: Throw Flame
Press: ? - help, Shift-Dir - straight line, f/p - ogre
Aim: an ogre, wielding a giant club (moderately wounded)
The puff of flame hits the ogre.
The ogre is heavily wounded.
The ogre hits you with a giant club!
Evoke which item? (* to show all) (? for menu, Esc to quit)
Aiming: Throw Flame
Press: ? - help, Shift-Dir - straight line, f/p - ogre
Aim: an ogre, wielding a giant club (heavily wounded)
The puff of flame hits the ogre.
The ogre is severely wounded.
The ogre hits you with a giant club!!
You die...

#........#..# .# .
.........' ...<........#
##.##..# ########.#
#........##.###...#..#
...+
#.............#...#..#
##### #.....#..#..#
#......#.# .
............###.........
.
...................#....
.
###.###.###.###.#.......
............†...@....#
###.###.###.####O#......
.. ...# #.# ........# #
###.# #.# ##.####..# ...
..# #.. .# ### ### #.# #
#.# ...


You could see an ogre.

Vanquished Creatures
  A sky beast (D:4)
  An orc wizard (D:4)
  Jessica (D:3)
  An iguana (D:4)
  A worker ant (D:4)
  A howler monkey skeleton (D:4)
  5 adders
  An adder skeleton (D:4)
  2 worms
  A dart slug (D:2)
  3 orcs (D:4)
  2 bats (D:3)
  2 giant cockroaches (D:3)
  A hobgoblin (D:1)
  2 quokkas
  A kobold (D:3)
  2 rats (D:3)
28 creatures vanquished.

Notes
Turn   | Place    | Note
-------+----------+-------------------------------------------
     0 | D:1      | Charly the Minotaur Berserker began the quest for the Orb.
     0 | D:1      | Reached XP level 1. HP: 19/19 MP: 0/0
    43 | D:2      | Reached skill level 4 in Axes
    43 | D:2      | Reached XP level 2. HP: 23/27 MP: 1/1
   127 | D:3      | Reached XP level 3. HP: 28/33 MP: 2/2
   153 | D:3      | Found a hazy altar of Hepliaklqana.
   153 | D:3      | Noticed Jessica
   169 | D:3      | Killed Jessica
   169 | D:3      | Reached skill level 5 in Axes
   174 | D:3      | Reached XP level 4. HP: 41/41 MP: 3/3
   194 | D:3      | Found a sparkling altar of Nemelex Xobeh.
   298 | D:4      | Reached ** piety under Trog
   298 | D:4      | Reached skill level 6 in Axes
   330 | D:4      | Reached skill level 5 in Fighting
   330 | D:4      | Reached XP level 5. HP: 44/48 MP: 4/4
   368 | D:4      | Noticed a sky beast
   376 | D:4      | Killed a sky beast
   376 | D:4      | Reached skill level 7 in Axes
   376 | D:4      | Reached XP level 6. HP: 43/56 MP: 5/5
   384 | D:4      | Slain by an ogre

Vault maps used:
D:1:      grunt_arrival_lava_bath
D:2:      first_ration
D:3:      lemuel_crystal_altar, overflow_temple_1_default, uniq_terence,
          uniq_sigmund, uniq_jessica

Skill      XL: |  1  2  3  4  5 |
---------------+----------------+-----
Axes           | 4 5 6 7 |  7.1
Fighting       | 4 5 |  5.5
Armour         | |  2.4
Dodging        | |  2.1

Action                   |  1- 3 |  4- 6 || total
-------------------------+-------+-------++-------
Melee: Hand axe          |    29 |    29 ||    58
       Headbutt          |     5 |     6 ||    11
Invok: Berserk           |     3 |     2 ||     5
Evoke: Wand              |       |     5 ||     5
  Eat: Chunk             |       |     2 ||     2
Armor: Scale mail        |    13 |    19 ||    32
Dodge: Dodged            |    21 |    15 ||    36

Table legend:
 A = Spawn XP
 B = Non-spawn XP
 C = Spawn XP percentage of total XP
 D = Spawn monster count
 E = Non-spawn monster count
 F = Spawn count percentage of total count
 G = Total turns spent on level
                    A         B        C        D         E        F      G
               +---------+---------+-------+---------+---------+-------+---------
         Total |       0 |     409 |   0.0 |       0 |      28 |   0.0 |   384
               +---------+---------+-------+---------+---------+-------+---------
           D:1 |       0 |       2 |   0.0 |       0 |       1 |   0.0 |    37
           D:2 |       0 |      19 |   0.0 |       0 |       3 |   0.0 |    32
           D:3 |       0 |      93 |   0.0 |       0 |      12 |   0.0 |   132
           D:4 |       0 |     295 |   0.0 |       0 |      12 |   0.0 |   183
               +---------+---------+-------+---------+---------+-------+---------
